 Dungeon Crawl Stone Soup version 0.23.0 (webtiles) character file.

Game seed: 1544685394653553539

64 MovingMist the Distorting Demonspawn (level 3, -10/29 HPs)
             Began as a Demonspawn Abyssal Knight on Feb 12, 2019.
             Was a Believer of Lugonu.
             Killed by nerve-wracking pain
             ... invoked by Jessica
              (14 damage)
             ... on level 2 of the Dungeon.
             The game lasted 00:04:20 (1409 turns).

MovingMist the Distorting Demonspawn (DsAK)         Turns: 1409, Time: 00:04:21

Health: -10/29     AC:  5    Str: 13    XL:     3   Next: 91%
Magic:  7/7        EV: 11    Int: 13    God:    Lugonu [**....]
Gold:   119        SH:  0    Dex: 12    Spells: 2/2 levels left

rFire    . . .     SeeInvis .   a - +1 hand axe
rCold    . . .     Gourm    .   (no shield)
rNeg     . . .     Faith    .   b - +0 leather armour
rPois    .         Spirit   .   (no helmet)
rElec    .         Reflect  .   (no cloak)
rCorr    .         Harm     .   (no gloves)
MR       .....                  (no boots)
Stlth    +.........             (no amulet)
HPRegen  0.09/turn              (no ring)
MPRegen  0.10/turn              (no ring)

@: no status effects
A: yellow scales 1
a: Depart the Abyss, Bend Space, Renounce Religion


You were on level 2 of the Dungeon.
You worshipped Lugonu.
Lugonu was pleased with you.
You were not hungry.

You visited 1 branch of the dungeon, and saw 2 of its levels.
You visited the Abyss 1 time.

You collected 119 gold pieces.

Inventory:

Hand Weapons
 a - a +1 hand axe (weapon)
Missiles
 j - 6 silver tomahawks (quivered)
Armour
 b - a +0 leather armour (worn)
Scrolls
 e - 5 scrolls of identify {unknown}
 g - 2 scrolls of fog {unknown}
 h - 2 scrolls of immolation {unknown}
 i - a scroll of remove curse {unknown}
 l - a scroll of teleportation {unknown}
 o - a scroll of magic mapping {unknown}
 p - a scroll of fear {unknown}
 s - a scroll of blinking {unknown}
Potions
 d - 2 potions of curing {unknown}
 f - a potion of heal wounds {unknown}
 k - 3 potions of cancellation {unknown}
 n - a potion of haste {unknown}
 q - a potion of brilliance {unknown}
 r - a potion of resistance {unknown}
Comestibles
 c - 4 rations
 m - 6 chunks of flesh


   Skills:
 - Level 3.0 Fighting
 - Level 1.7 Axes
 - Level 1.7 Armour
 - Level 0.8 Dodging
 * Level 5.6 Invocations


You had 2 spell levels left.
You didn't know any spells.
Your spell library was empty.

Dungeon Overview and Level Annotations

Branches:
Dungeon (2/15)

Altars:

Annotations:
D:2 Jessica


Innate Abilities, Weirdness & Mutations

You are partially covered in yellow scales. (AC +2)


Message History

The bat closely misses you.
Jessica gestures wildly while chanting.
Jessica seems to speed up.
The bat hits you but does no damage. The bat barely misses you.
Jessica mumbles some strange words.
Jessica blinks!
The bat hits you.
* * * LOW HITPOINT WARNING * * *
The bat hits you but does no damage.
Jessica casts a spell.
Jessica blinks!
The bat closely misses you.
The hobgoblin hits you but does no damage.
The bat barely misses you.
Jessica looks very angry.
The bat barely misses you. Jessica casts a spell at you.
Pain shoots through your body!
You die...

#.......÷.[......#
#.....#.##.......#
#..(..#.###..###..
#####........# ###
#####....###...
#......)...#..##
#..#...#.######
#..........#
#@.(..#..##..#
#S...#..#.###$#
#.gb@..#.#.# #
#...#(....###
#.......###.#
#..÷..#....#
#..#l..#.###
#.w..#..#.###
#........#..#


You could see a worm, an adder, Jessica, a hobgoblin, a bat and a frilled
lizard.

Vanquished Creatures
  An adder (D:2)
  A worm (D:2)
  2 leopard geckos
  4 giant cockroaches
  5 goblins
  7 hobgoblins
  4 jackals (D:1)
  A quokka (D:2)
  5 bats
  3 frilled lizards (D:1)
  5 kobolds
  9 rats
47 creatures vanquished.

Notes
Turn   | Place    | Note
-------+----------+-------------------------------------------
     0 | Abyss:1  | MovingMist the Demonspawn Abyssal Knight began the quest
                  | for the Orb.
     0 | Abyss:1  | Reached XP level 1. HP: 18/18 MP: 2/2
    29 | Abyss:1  | Noticed a bone dragon
    30 | D:1      | Escaped the Abyss
   136 | D:1      | Reached skill level 3 in Invocations
   151 | D:1      | Reached * piety under Lugonu
   164 | D:1      | Gained mutation: You are partially covered in yellow
                  | scales. (AC +2) [demonic ancestry]
   164 | D:1      | Reached XP level 2. HP: 7/24 MP: 4/4
   289 | D:1      | Reached skill level 4 in Invocations
   737 | D:1      | Reached XP level 3. HP: 29/29 MP: 6/6
  1020 | D:2      | Reached ** piety under Lugonu
  1020 | D:2      | Reached skill level 5 in Invocations
  1394 | D:2      | Noticed Jessica
  1409 | D:2      | Killed from afar by Jessica

Skill      XL: |  1  2  3 |
---------------+----------+-----
Invocations    | 3 4 5 |  5.6
Fighting       | |  3.0
Axes           | |  1.7
Armour         | |  1.7
Dodging        | |  0.8

Action                   || total
-------------------------++-------
Melee: Hand axe          ||   159
Invok: Depart the Abyss  ||     1
       Bend Space        ||     1
  Eat: Chunk             ||     2
Armor: Leather armour    ||    72
Dodge: Dodged            ||   119
